 Dungeon Crawl Stone Soup version 0.29.1-2-gbd0b4ee654 (webtiles) character file.

Game seed: 5571467765465944050

86 tizbic2 the Sneak (level 4, 0/30 HPs)
             Began as a Vampire Brigand on Nov 4, 2022.
             Slain by an ice beast (14 damage)
             ... on level 3 of the Dungeon.
             The game lasted 00:10:49 (1878 turns).

tizbic2 the Sneak (Vampire Brigand)                 Turns: 1878, Time: 00:10:50

Health: 0/30       AC: 13    Str: 10    XL:     4   Next: 26%
Magic:  4/4        EV: 12    Int: 13    God:
Gold:   143        SH:  0    Dex: 17    Spells: 3/3 levels left

rFire   . . .      SeeInvis +   x - +1 dagger (protect)
rCold   . . .      Faith    .   (no shield)
rNeg    . . .      Spirit   .   b - +0 robe
rPois   .          Reflect  .   (no helmet)
rElec   .          Harm     .   c - +0 cloak
rCorr   .          Rampage  .   v - +1 Delatra's gloves {ID++}
Will    .....                   z - +0 pair of boots
Stlth   ++++......              (no amulet)
HPRegen 0.30/turn               (no ring)
MPRegen 0.09/turn               (no ring)

@: under a protective aura, healing quickly
A: alive, fangs 3, see invisible, vampiric 2, [frail 1]
a: Exsanguinate


You were on level 3 of the Dungeon.
You visited 1 branch of the dungeon, and saw 3 of its levels.

You collected 143 gold pieces.

Inventory:

Hand Weapons
 a - a +2 dagger of venom
 k - a +0 short sword of speed
 p - a +2 dagger
 w - a +1 sling of flaming
 x - a +1 dagger of protection (weapon)
Missiles
 d - 12 poisoned darts (quivered)
 e - 3 curare-tipped darts
 i - 16 stones
 j - 2 atropa-tipped darts
Armour
 b - a +0 robe (worn)
 c - a +0 cloak (worn)
 v - the +1 Delatra's gloves (worn) {ID++}
   (You found it on level 2 of the Dungeon)

   It heals its wearer when they drink unknown potions.
   It restores its wearer's MP when they read unknown scrolls.
 z - a +0 pair of boots (worn)
 A - an orb of light
Scrolls
 f - 3 scrolls of identify
 l - 2 scrolls of vulnerability
 m - a scroll of magic mapping {unknown}
 n - a scroll of silence {unknown}
 q - a scroll of amnesia {unknown}
 r - a scroll of butterflies {unknown}
 u - 2 scrolls of immolation {unknown}
 y - a scroll of teleportation {unknown}
Potions
 g - 2 potions of lignification
 o - 3 potions of curing {unknown}
 s - a potion of degeneration {unknown}
 t - a potion of attraction {unknown}


   Skills:
 + Level 2.3 Fighting
 * Level 3.3 Short Blades
 - Level 1.5 Throwing
 - Level 1.1 Dodging
 * Level 6.9 Stealth
 + Level 0.4 Spellcasting
 - Level 1.1 Hexes
 * Level 0.9 Air Magic


You had 3 spell levels left.
You didn't know any spells.
Your spell library contained the following spells:

 Spells                   Type           Power      Damage    Failure   Level
 Static Discharge         Conj/Air       1%         3-4/arc   36%         2
 Conjure Flame            Conj/Fire      0%         6-21      65%         3
 Ignite Poison            Fire/Tmut/Pois 0%         N/A       65%         3
 Sticky Flame             Conj/Fire      0%         2d3       96%         4
 Lightning Bolt           Conj/Air       0%         1d11      100%        5
 Maxwell's Capacitive Co  Air            1%         ∞         100%        8


Dungeon Overview and Level Annotations

Branches:
Dungeon (3/15)

Altars:


Innate Abilities, Weirdness & Mutations

Your natural rate of healing is accelerated.
You have razor-sharp teeth.
You have supernaturally acute eyesight. (SInv)
You are afflicted with vampirism and can become a bat while bloodless.
[You are frail. (-10% HP)]


Message History

You drop a +0 mace.
You see here a +0 flail.
You now have 97 gold pieces (gained 9).
Found 14 gold pieces.
You now have 111 gold pieces (gained 14).
Found a scroll labelled ISAOPR WAGGUMYE.
u - 2 scrolls labelled ISAOPR WAGGUMYE (gained 1)
Found 19 gold pieces.
Found 13 gold pieces.
Found a stone staircase leading down.
You now have 130 gold pieces (gained 19).
You now have 143 gold pieces (gained 13).
An ice beast comes into view.
You hit the ice beast but do no damage.
The ice beast hits you but does no damage.
You closely miss the ice beast. You bite the ice beast.
The ice beast is lightly wounded.
The ice beast hits you but does no damage.
You closely miss the ice beast.
The ice beast is lightly wounded.
You closely miss the ice beast. You bite the ice beast.
The ice beast is lightly wounded.
The ice beast hits you but does no damage.
You closely miss the ice beast.
The ice beast is lightly wounded.
The ice beast barely misses you.
You barely miss the ice beast.
The ice beast is lightly wounded.
The ice beast hits you but does no damage.
You hit the ice beast but do no damage. You bite the ice beast.
The ice beast is moderately wounded.
The ice beast hits you. The ice beast freezes you!
Your +2 dagger of venom stops dripping with poison.
Your +1 dagger of protection hums with potential!
x - a +1 dagger of protection (weapon)
You hit the ice beast but do no damage.
Your weapon exudes an aura of protection.
The ice beast is moderately wounded.
The ice beast hits you. The ice beast freezes you!
You die...

# .. ....## #
...###..... ##
..#..#...# #.
##...#...# ###.
........# #...
......#.# #...
#.Y....# ### ##...
#@# #........ #.#
#>#####.. #.# #.#
#.# #.# #.# #..
#.########.# #.#
#..........#####.#
##########.......#
#########


You could see an ice beast.

Vanquished Creatures
  2 adders (D:2)
  3 worms
  A dart slug (D:1)
  8 ball pythons
  5 bats
  3 endoplasms
  3 giant cockroaches
  6 hobgoblins
  6 kobolds
  3 quokkas (D:1)
  5 frilled lizards
  6 goblins
  4 rats
55 creatures vanquished.

Notes
Turn   | Place    | Note
-------+----------+-------------------------------------------
     0 | D:1      | tizbic2 the Vampire Brigand began the quest for the Orb.
     0 | D:1      | Reached XP level 1. HP: 16/16 MP: 1/1
    69 | D:1      | Reached skill level 6 in Stealth
   133 | D:1      | Reached XP level 2. HP: 17/17 MP: 2/2
   633 | D:1      | Reached skill level 1 in Hexes
   707 | D:1      | Found a faded altar of an unknown god.
   888 | D:1      | Gained mutation: You are afflicted with vampirism and can
                  | become a bat while bloodless. [Vampire growth]
   888 | D:1      | Reached XP level 3. HP: 24/24 MP: 3/3
  1347 | D:2      | Found the +1 Delatra's gloves {ID++}
  1474 | D:2      | Reached XP level 4. HP: 28/29 MP: 4/4
  1866 | D:3      | Noticed an ice beast
  1878 | D:3      | Slain by an ice beast

Illustrated notes

Levels and vault maps discovered:
D:1:      roderic_octagonal_star, layout_basic, ebering_ecumenical_altar_hall
D:2:      minmay_alternating_diamond, layout_loops_ring,
          chequers_serial_rivers_small_a
D:3:      layout_loops_cross, nicolae_titane

Skill      XL: |  1  2  3 |
---------------+----------+-----
Stealth        | 6 |  6.9
Fighting       | 2 |  2.3
Hexes          | 1 |  1.1
Short Blades   | 3 |  3.3
Throwing       | |  1.5
Dodging        | |  1.1
Spellcasting   | |  0.4
Air Magic      | |  0.9

Action                   |  1- 3 |  4- 6 || total
-------------------------+-------+-------++-------
Melee: Dagger            |    58 |    30 ||    88
       Bite              |     6 |     6 ||    12
       Short sword       |    40 |       ||    40
       Punch             |     1 |       ||     1
 Fire: Sling             |     3 |       ||     3
 Abil: Exsanguinate      |     2 |       ||     2
       Revivify          |     1 |       ||     1
  Use: Scroll            |     2 |       ||     2
 Stab: Sleeping          |    17 |     2 ||    19
Armor: Robe              |    14 |     5 ||    19
Dodge: Dodged            |    38 |    13 ||    51
